Zazza, neutral female human Tourist ------------ ---------------- |..........| ##...............| |..........-# # |..............-# |..........|# ### |.>............|# ------ |..........|# # -------.--------# |+?+.-# ---.--------# ### ### # |???.|# # # # # # |???.|# ### # # ### # ------# # ############%@@f################## # # # # # -|----# # ### # # # |....|########### # # ### # |..<..#### ----- ### -----.--- # # |....| # |..>| # |.......| ### -------# |....| ### |...| ###|._.....| # |......# |....| # |...| #-.......| ##-..`..| ------ ##....| --------- |.....| |{..| ------- ----- Zazza the Sightseer Experience level: 3 Strength: 8 Dexterity: 9 Constitution: 16 Intelligence: 18 Wisdom: 9 Charisma: 16 Health: 0(27) Energy: 13(13) Def: 1 Gold: 840 Moves: 2483 Dungeon seed: w5gDJHABDdv5gJ85 Game ID: Zazza_1581773488 Your Inventory: Coins $ - 840 gold pieces Weapons a - 21 blessed +2 darts (in quiver) r - a cursed +0 orcish dagger v - a cursed -1 orcish dagger D - a +0 stiletto E - 9 +0 crossbow bolts G - a +0 crossbow H - 5 blessed +0 crossbow bolts L - a +0 long sword (weapon in hand) N - 6 +0 daggers O - a cursed -1 dagger P - 11 +0 darts Armor e - an uncursed +0 Hawaiian shirt n - an uncursed +0 orcish helm (being worn) q - a blessed +0 pair of iron shoes Y - an uncursed +0 studded leather armor Comestibles b - 2 uncursed apples c - 2 uncursed food rations d - 2 uncursed tripe rations g - an uncursed slime mold h - an uncursed egg Scrolls k - 4 uncursed scrolls of magic mapping p - an uncursed scroll of enchant weapon x - an uncursed scroll of create monster K - an uncursed scroll of amnesia M - an uncursed scroll of teleportation Potions j - 3 uncursed potions of extra healing Rings A - an uncursed ring of protection from shape changers (on left hand) Tools l - an expensive camera (0:37) m - an uncursed credit card t - an uncursed leash C - an uncursed tin whistle I - 2 uncursed wax candles (0:400) J - 5 uncursed tallow candles (0:200) R - an uncursed chest Spells and supernatural/magical abilities: Name Level Category Fail Memory a - force bolt 1 attack 22% 91% W - pray for help -- divine ? -- Your skills at the end: Fighting Skills Weapon Skills dart [Basic] Spellcasting Skills Final Attributes: You were devoutly aligned. You were protected from shape changers. You are dead. Vanquished creatures: a shrieker 3 floating eyes a dwarf a homunculus a giant bat a werejackal an acid blob 4 manes a hobgoblin a cave spider a yellow mold a green mold 9 gnomes 2 geckos 10 jackals a fox a kobold 5 goblins 7 grid bugs 9 lichens 2 newts 63 creatures vanquished. Voluntary challenges: You used a wielded weapon 2 times, starting on turn 2187. You read items or engraved 8 times, starting on turn 599. You never genocided any monsters. You never polymorphed an object. You never changed form. You used no wishes. You never split a pudding. You wrote Elbereth's name 2 times, starting on turn 1718. You never violated your personal moral code. Dungeon overview: The Dungeons of Doom: levels 1 to 5 Level 1 some fountains a long staircase Level 2 a bookstore, an altar to The Lady, a fountain Level 3 <- You were here a scroll shop, an altar to The Lady, a fountain stairs to The Gnomish Mines Level 4 a fountain Level 5 The Gnomish Mines: Level 4 stairs to The Dungeons of Doom History has recorded: On T:1 you entered the Dungeons of Doom to retrieve the Amulet of Yendor! On T:495 you reached level 2 of The Dungeons of Doom. On T:938 you reached level 3 of The Dungeons of Doom. On T:1106 you advanced to experience level 2. On T:1478 you reached level 4 of The Dungeons of Doom. On T:1747 you advanced to experience level 3. On T:1781 you reached level 5 of The Dungeons of Doom. On T:2068 you reached level 1 of The Gnomish Mines. Score breakdown: Gold: 498 ( 9178 points) Experience: 3 levels ( 7878 points) Exploration: 5 levels ( 9.43%) ( 8320 points) Discoveries: 4 items ( 1.34%) ( 3475 points) Valuables value: (no points given unless you survive) Artifact value: 0 ( 0 points) Variety of kills: 21 monsters ( 5.51%) ( 7043 points) Turncount: 2483 turns ( -320 points) Survival: died (score multiplied by 80%) Total score: 28459 Latest messages: The dart misses the floating eye. You hear bubbling water. The dart misses the floating eye. The dart hits the floating eye. The dart misses the floating eye. The floating eye glares at you. You manage to look away just in time; but that disturbs your aim, and you miss. You kill the floating eye! The wererat picks up 10 blessed +2 darts. The wererat changes into a rat. The wererat hits! The wererat changes into a human. The wererat summons help, but none comes. The wererat hits! The wererat summons help, but none comes. The wererat hits! (3x) You die... Final status: Aloha Zazza the Tourist, killed by a wererat... You died in The Dungeons of Doom on dungeon level 3 with 28459 points, and 840 pieces of gold, after 2483 moves. You were level 3 with a maximum of 27 hit points when you died.